 Dungeon Crawl Stone Soup version 0.20.1-1-g8b1a95d (webtiles) character file.

532 rwitter00 the Cudgeler (level 7, 0/41 HPs)
             Began as a Gargoyle Fighter on Oct 18, 2017.
             Slain by JohnnyMnemonic's ghost (12 damage)
             ... on level 4 of the Dungeon.
             The game lasted 00:09:10 (3131 turns).

rwitter00 the Cudgeler (Gargoyle Fighter)           Turns: 3131, Time: 00:09:11

Health: 0/41       AC: 18    Str: 21    XL:     7   Next: 24%
Magic:  7/7        EV:  5    Int:  9    God:
Gold:   185        SH: 10    Dex:  9    Spells: 6/6 levels left

rFire    + . .     SeeInvis .   a - +0 flail
rCold    + . .     Gourm    .   c - +0 shield
rNeg     + . .     Faith    .   s - +0 chain mail
rPois    ∞         Spirit   .   q - +0 helmet
rElec    +         Reflect  .   i - scarf {rC+ rF+}
rCorr    .         Harm     +   d - +0 pair of gloves
MR       .....                  h - +0 pair of boots
Stlth    ..........             u - amulet of harm
Regen    0.2/turn               (no ring)
MPRegen  0.1/turn               (no ring)

@: no status effects
A: negative energy resistance 1, electricity resistance, unbreathing,
petrification resistance, rot immunity, AC +4
a: no special abilities


You were on level 4 of the Dungeon.
You were very hungry.

You visited 1 branch of the dungeon, and saw 4 of its levels.

You collected 185 gold pieces.

Inventory:

Hand Weapons
 a - a +0 flail (weapon)
Armour
 c - a +0 shield (worn)
 d - a +0 pair of gloves (worn)
 h - a +0 pair of boots (worn)
 i - a scarf of resistance (worn)
 q - a +0 helmet (worn)
 s - a +0 chain mail (worn)
Jewellery
 u - an amulet of harm (around neck)
Scrolls
 k - a scroll of recharging
 p - 3 scrolls of teleportation {unknown}
Potions
 g - a potion of curing
Books
 b - a book of Changes

   Spells                             Type                      Level
   a - Beastly Appendage              Transmutation                1
   b - Sticks to Snakes               Transmutation                2
   c - Spider Form                    Transmutation/Poison         3
   d - Ice Form                       Ice/Transmutation            4
   e - Blade Hands                    Transmutation                5
Comestibles
 f - 3 bread rations
 m - 2 royal jellies
 r - 3 fruits


   Skills:
 - Level 3.2 Fighting
 * Level 5.5 Maces & Flails
 + Level 5.2 Armour
 + Level 5.3 Shields


You had 6 spell levels left.
You didn't know any spells.

Dungeon Overview and Level Annotations

Branches:
Dungeon (4/15)
 Temple: D:4-7

Altars:
Trog

Annotations:
D:4 JohnnyMnemonic's ghost, novice TrMo


Innate Abilities, Weirdness & Mutations

You are resistant to torment.
Your stone body is resilient. (AC +4)
You are immune to poison.
You resist negative energy. (rN+)
You are resistant to electric shocks. (rElec)
You can survive without breathing.
You are immune to petrification.
You are immune to rotting.


Message History

JohnnyMnemonic's ghost hits you!
You hit JohnnyMnemonic's ghost but do no damage.
JohnnyMnemonic's ghost is heavily damaged.
You block JohnnyMnemonic's ghost's attack.
You sock JohnnyMnemonic's ghost!
JohnnyMnemonic's ghost is heavily damaged.
You block JohnnyMnemonic's ghost's attack.
You barely miss JohnnyMnemonic's ghost.
JohnnyMnemonic's ghost is heavily damaged.
JohnnyMnemonic's ghost hits you.
JohnnyMnemonic's ghost whispers, "Trust me.
Just give in."
JohnnyMnemonic's ghost hits you but does no damage.
You closely miss JohnnyMnemonic's ghost.
JohnnyMnemonic's ghost is heavily damaged.
JohnnyMnemonic's ghost hits you!
* * * LOW HITPOINT WARNING * * *
You closely miss JohnnyMnemonic's ghost.
JohnnyMnemonic's ghost is heavily damaged.
JohnnyMnemonic's ghost hits you!
You die...

## # ##.. ##.. #
.##.# #... ... .#
..#.# #<#!#..#...
#...### ........
#..<....#..###.....
..#.....
#....#.#######
###.###. #........#
# # #.W......# #
#.@......#
#........#
#........#
#........#
#.>......# #
#........# #
#......(.# #######
########.##
......###### #..#


You could see JohnnyMnemonic's ghost.

Vanquished Creatures
  The ghost of EruditeIdiot the Skirmisher, an amateur MiBe of Trog (D:3)
  2 orc wizards
  Terence (D:2)
  Natasha (twice) (D:3)
  3 gnolls (D:3)
  6 adders
  2 leopard geckos
  6 orcs
  6 bats
  3 giant cockroaches
  5 goblins
  7 hobgoblins
  8 jackals
  4 kobolds
  A quokka (D:3)
  A ball python (D:1)
  4 frilled lizards
  9 rats
71 creatures vanquished.

Vanquished Creatures (others)
  An orc wizard (D:4)
1 creature vanquished.

Grand Total: 72 creatures vanquished

Notes
Turn   | Place    | Note
-------+----------+-------------------------------------------
     0 | D:1      | rwitter00 the Gargoyle Fighter began the quest for the Orb.
     0 | D:1      | Reached XP level 1. HP: 14/14 MP: 1/1
   149 | D:1      | Reached XP level 2. HP: 16/19 MP: 2/2
  1043 | D:2      | Reached XP level 3. HP: 20/23 MP: 3/3
  1191 | D:2      | Noticed Terence
  1219 | D:2      | Killed Terence
  1384 | D:2      | Reached XP level 4. HP: 27/28 MP: 4/4
  1957 | D:3      | Noticed Natasha
  1970 | D:3      | Killed Natasha
  1970 | D:3      | Reached XP level 5. HP: 30/32 MP: 5/5
  2022 | D:3      | Found a bloodstained altar of Trog.
  2149 | D:3      | Noticed EruditeIdiot's ghost (amateur MiBe)
  2196 | D:3      | Killed EruditeIdiot's ghost
  2196 | D:3      | Reached skill level 5 in Shields
  2196 | D:3      | Reached XP level 6. HP: 11/37 MP: 6/6
  2431 | D:3      | Reached skill level 5 in Maces & Flails
  2431 | D:3      | Reached skill level 5 in Armour
  2482 | D:3      | Noticed Natasha
  2496 | D:3      | Killed Natasha
  2533 | D:3      | Reached XP level 7. HP: 31/41 MP: 7/7
  2888 | D:4      | Got a slimy scale mail
  2899 | D:4      | Identified the +1 scale mail of the Tick {rPois rF- MR- Int+10} (You found it on level 4 of the Dungeon)
  3111 | D:4      | Noticed JohnnyMnemonic's ghost (novice TrMo)
  3131 | D:4      | Slain by JohnnyMnemonic's ghost

Skill      XL: |  1  2  3  4  5  6 |
---------------+-------------------+-----
Shields        | 4 5 |  5.3
Maces & Flails | 3 4 5 |  5.5
Armour         | 4 5 |  5.2
Fighting       | |  3.2

Action                   |  1- 3 |  4- 6 |  7- 9 || total
-------------------------+-------+-------+-------++-------
Melee: Flail             |   135 |   150 |   123 ||   408
  Use: Potion            |       |     7 |       ||     7
       Scroll            |       |       |     4 ||     4
  Eat: Chunk             |     2 |     3 |     2 ||     7
Armor: Scale mail        |    95 |       |       ||    95
       Chain mail        |       |   109 |    79 ||   188
Dodge: Dodged            |    60 |    32 |    19 ||   111
Block: Shield            |    84 |    59 |    51 ||   194
